 Dungeon Crawl Stone Soup version 0.28-a0-969-g2dcde036d2 (webtiles) character file.

Game seed: 264820144994632650

177 Htamos the Ruffian (level 5, -3/50 HPs)
             Began as a Troll Transmuter on Dec 1, 2021.
             Slain by a gnoll (7 damage)
             ... on level 3 of the Dungeon.
             The game lasted 00:02:55 (1695 turns).

Htamos the Ruffian (Troll Transmuter)               Turns: 1695, Time: 00:02:55

Health: -3/50      AC:  4    Str: 18    XL:     5   Next: 30%
Magic:  4/5        EV:  5    Int: 11    God:
Gold:   131        SH:  0    Dex: 10    Spells: 5/6 levels left

rFire   . . .      SeeInvis .     - Unarmed
rCold   . . .      Faith    .   (no shield)
rNeg    . . .      Spirit   .   a - +0 robe
rPois   .          Reflect  .   (helmet currently unavailable)
rElec   .          Harm     .   (no cloak)
rCorr   +          Rampage  .   (gloves unavailable)
Will    .....                   (boots unavailable)
Stlth   +.........              (no amulet)
HPRegen 0.96/turn               b - ring of resist corrosion
MPRegen 0.09/turn               (no ring)

@: appendages (expiring), held, hasted, very quick
A: horns 2, talons 2, large, unfitting armour, claws 3, regeneration 1, shaggy
fur 1, tough skin 1
a: End Transformation


You were on level 3 of the Dungeon.
You had temporarily grown beastly horns and talons.
You visited 1 branch of the dungeon, and saw 3 of its levels.

You collected 131 gold pieces.

Inventory:

Hand Weapons
 f - a +0 short sword of freezing
Armour
 a - a +0 robe (worn)
Jewellery
 b - a ring of resist corrosion (left claw)
Scrolls
 d - 2 scrolls of magic mapping {unknown}
 g - a scroll of vulnerability {unknown}
 h - a scroll of identify {unknown}
 i - a scroll of enchant armour {unknown}
Potions
 c - a potion of curing {unknown}


   Skills:
 * Level 2.4 Fighting
 + Level 2.3 Dodging
 + Level 3.6 Unarmed Combat
 - Level 1.2 Spellcasting
 * Level 2.6 Transmutations


You had 5 spell levels left.
You knew the following spells:

 Your Spells              Type           Power      Damage    Failure   Level
a - Beastly Appendage     Tmut           12%        N/A       11%         1

Your spell library contained the following spells:

 Spells                   Type           Power      Damage    Failure   Level
 Wereblood                Tmut           6%         N/A       16%         2
 Spider Form              Tmut/Pois      3%         N/A       50%         3
 Ozocubu's Armour         Ice            0%         N/A       67%         3
 Ice Form                 Ice/Tmut       3%         N/A       88%         4
 Metabolic Englaciation   Hex/Ice        0%         N/A       100%        5
 Simulacrum               Ice/Necr       0%         N/A       100%        6


Dungeon Overview and Level Annotations

Branches:
Dungeon (3/15)

Altars:
Sif Muna

Shops:
D:2 (


Innate Abilities, Weirdness & Mutations

You have temporarily grown beastly horns and talons.
You are too large for most types of armour.
You have claws for hands.
Your natural rate of healing is unusually fast.
You are covered in fur. (AC +1)
You have tough skin. (AC +1)


Message History

Confirm with . or Enter, or press ? or * to list all spells.
You extend your transformation's duration.
The gnoll hits you but does no damage.
The gnoll hits you from afar with a +0 halberd!
The gnoll hits you with a +0 club. The gnoll misses you.
You see here a +0 long sword.
You scratch the gnoll but do no damage. You claw the gnoll.
Your headbutt misses the gnoll.
The gnoll is moderately wounded.
The gnoll hits you with a +0 club. The gnoll closely misses you.
You scratch the gnoll. Your kick misses the gnoll. You claw the gnoll.
The gnoll is heavily wounded.
The gnoll barely misses you. The gnoll hits you with a +0 club.
The gnoll closely misses you.
You claw the gnoll!
You kill the gnoll!
The gnoll hits you with a +0 flail!
* * * LOW HITPOINT WARNING * * *
The gnoll hits you with a +0 club.
* * * LOW HITPOINT WARNING * * *
Unknown command.
Your transformation is almost over.
The gnoll hits you with a +0 flail.
* * * LOW HITPOINT WARNING * * *
The gnoll throws a throwing net.
The throwing net hits you.
You become entangled in the net!
You see here a throwing net.
You struggle against the net.
You struggle against the net.
The gnoll hits you with a +0 flail.
* * * LOW HITPOINT WARNING * * *
The gnoll hits you with a +0 club.
* * * LOW HITPOINT WARNING * * *
You struggle against the net.
The gnoll hits you with a +0 flail.
* * * LOW HITPOINT WARNING * * *
The gnoll hits you with a +0 club.
* * * LOW HITPOINT WARNING * * *
Unknown command.
It was a potion of haste.
You feel yourself speed up. The gnoll hits you with a +0 flail!
You die...

....#####.....#.........
....#########.#.........
....#.......# .........
....#.......# #........
....#.......# #.......#
....#.......# #.# ########.
....#.......####)###........
.######..........##.......#
.## #.........@g..))# ..###
#..........g†.###
....###.)...........#
.##..................#
.####.......(.......... .#
#............##...... .#
#..........######.....
.#........##...# .....
.......##....... .....


You could see 2 gnolls.

Vanquished Creatures
  A bullfrog (D:3)
  An orc wizard (D:3)
  A gnoll (D:3)
  3 adders (D:2)
  A dart slug (D:1)
  2 orcs (D:3)
  7 bats
  4 endoplasms (D:1)
  2 giant cockroaches
  3 goblins (D:1)
  4 hobgoblins (D:1)
  4 kobolds
  3 quokkas
  4 ball pythons (D:1)
  3 frilled lizards
  4 rats
47 creatures vanquished.

Notes
Turn   | Place    | Note
-------+----------+-------------------------------------------
     0 | D:1      | Htamos the Troll Transmuter began the quest for the Orb.
     0 | D:1      | Reached XP level 1. HP: 18/18 MP: 1/1
    48 | D:1      | Reached skill level 1 in Fighting
    59 | D:1      | Reached XP level 2. HP: 25/27 MP: 2/2
   432 | D:1      | Reached XP level 3. HP: 32/33 MP: 3/3
   801 | D:2      | Found a faded altar of an unknown god.
   947 | D:2      | Reached XP level 4. HP: 31/42 MP: 2/4
   981 | D:2      | Found a shimmering blue altar of Sif Muna.
  1330 | D:2      | Found Mifobaat's Antique Weapon Boutique.
  1618 | D:3      | Noticed a bullfrog
  1626 | D:3      | Killed a bullfrog
  1632 | D:3      | Reached XP level 5. HP: 43/50 MP: 3/5
  1695 | D:3      | Slain by a gnoll

Illustrated notes

Levels and vault maps discovered:
D:1:      wander_arrival_estate, layout_loops_ring
D:2:      layout_basic, dreamdust_ecumenical_altar_grove, basic_altar,
          serial_shops, shop, serial_park_tiny_pond, st_stairs_2,
          roderic_lattice_a, grunt_ministairs_2, minivault_26,
          nicolae_figureground_pulse
D:3:      layout_rooms

Skill      XL: |  1  2  3  4 |
---------------+-------------+-----
Fighting       | 1 2 |  2.4
Transmutations | 2 |  2.6
Dodging        | 2 |  2.3
Unarmed Combat | |  3.6
Spellcasting   | |  1.2

Action                   |  1- 3 |  4- 6 || total
-------------------------+-------+-------++-------
Melee: Unarmed           |    87 |    30 ||   117
       Headbutt          |     3 |     1 ||     4
       Kick              |     2 |     3 ||     5
       Punch             |       |     1 ||     1
 Cast: Beastly Appendage |     5 |     3 ||     8
  Use: Potion            |       |     1 ||     1
Armor: Robe              |    42 |    16 ||    58
Dodge: Dodged            |    50 |    15 ||    65

Table legend: (Time is in decaauts)
 A = Elapsed time spent in this place.
 B = Non-inter-level travel time spent in this place.
 C = Inter-level travel time spent in this place.
 D = Time resting spent in this place.
 E = Time spent auto-exploring this place.
 F = Levels seen in this place.
 G = Mean time per level.
                   A        B        C        D        E       F      G
               +--------+--------+--------+--------+--------+-----+--------+
         Total |   1686 |   1621 |     65 |      0 |   1321 |   3 |  562.0 |
       Dungeon |   1686 |   1621 |     65 |      0 |   1321 |   3 |  562.0 |
               +--------+--------+--------+--------+--------+-----+--------+

Top non-repeatable levels by time:
     D:2: 936 daAuts
     D:1: 650 daAuts
     D:3: 99 daAuts
